 Dungeon Crawl Stone Soup version 0.22.1-5-g62c59d919a (webtiles) character file.

17954 Gargoyl the Schismatic (level 12, -27/97 HPs)
             Began as a Centaur Abyssal Knight on Jan 9, 2019.
             Was an Elder of Lugonu.
             Killed from afar by a lindwurm (30 damage)
             ... with a blast of flame
             ... summoned by Kirke
             ... on level 4 of the Lair of Beasts.
             The game lasted 00:23:51 (17221 turns).

Gargoyl the Schismatic (Centaur Abyssal Knight)    Turns: 17221, Time: 00:23:53

Health: -27/97     AC:  0    Str: 19    XL:     12   Next: 23%
Magic:  10/19      EV: 16    Int: 11    God:    Lugonu [****..]
Gold:   271        SH:  0    Dex: 10    Spells: 11/11 levels left

rFire    . . .     SeeInvis .   (weapon currently unavailable)
rCold    . . .     Gourm    .   (shield currently unavailable)
rNeg     . . .     Faith    .   (armour currently unavailable)
rPois    .         Spirit   .   (helmet currently unavailable)
rElec    .         Reflect  .   (cloak currently unavailable)
rCorr    .         Harm     .   (gloves currently unavailable)
MR       .....                  (no barding)
Stlth    +.........             (no amulet)
HPRegen  0.26/turn              (ring currently unavailable)
MPRegen  0.16/turn              (ring currently unavailable)

@: pig-form, very quick
A: small
a: Depart the Abyss, Bend Space, Banish, Corrupt, Renounce Religion


You were on level 4 of the Lair of Beasts.
You worshipped Lugonu.
Lugonu was greatly pleased with you.
You were hungry.
You were a filthy swine.
You visited 2 branches of the dungeon, and saw 13 of its levels.
You visited the Abyss 2 times.
You also visited: Sewer.

You collected 610 gold pieces.
You spent 339 gold pieces at shops.

Inventory:

Hand Weapons
 a - a +1 hand axe
 v - a +0 broad axe (melded)
Missiles
 r - 6 javelins
Armour
 d - a cursed +0 helmet (melded)
 j - the +10 chain mail of the Tormentor (melded) {Str+2 Dex+2}
   (You bought it in a shop on level 5 of the Dungeon)

   It affects your strength (+2).
   It affects your dexterity (+2).
 k - a +2 cloak (melded)
 w - a +0 large shield (melded)
Jewellery
 f - a +5 ring of dexterity (melded)
 p - a ring of positive energy (melded)
 s - an uncursed ring of protection from fire
 t - an uncursed ring of protection from cold
Wands
 e - a wand of iceblast (1)
 n - a wand of random effects (24)
 y - a wand of clouds (7)
 A - a wand of polymorph (23)
 D - a wand of digging (15)
Scrolls
 h - 4 scrolls of remove curse
 i - 2 scrolls of identify
 u - a scroll of blinking
 z - 3 scrolls of teleportation
 C - a scroll of magic mapping
Potions
 b - 4 potions of lignification
 g - a potion of might
 l - a potion of haste
 m - a potion of agility
 o - 4 potions of curing
 q - 2 potions of flight
 x - a potion of heal wounds
 B - a potion of resistance
Comestibles
 c - 25 rations
 E - a chunk of flesh


   Skills:
 + Level 6.5 Fighting
 + Level 9.3 Axes
 + Level 2.0 Throwing
 * Level 7.3 Armour
 * Level 5.8 Dodging
 + Level 5.8 Shields
 * Level 9.5 Invocations
 + Level 0.5 Evocations


You had 11 spell levels left.
You didn't know any spells.
Your spell library contained the following spells:

 Spells                   Type           Power        Failure   Level  Hunger
 Corona                   Hex            #......      34%         1    ##.....
 Sting                    Conj/Pois      #...         34%         1    ##.....
 Poisonous Vapours        Pois/Air       #.....       47%         2    ###....
 Slow                     Hex            #.......     47%         2    ###....
 Inner Flame              Hex/Fire       #.......     71%         3    ####...
 Mephitic Cloud           Conj/Pois/Air  #.......     71%         3    ####...
 Portal Projectile        Hex/Tloc       #.....       71%         3    ####...
 Cause Fear               Hex            #.........   98%         4    #####..
 Leda's Liquefaction      Hex/Erth       #.........   98%         4    #####..
 Olgreb's Toxic Radiance  Pois           #.......     98%         4    #####..
 Venom Bolt               Conj/Pois      #.........   100%        5    ######.


Dungeon Overview and Level Annotations

Branches:
Dungeon (9/15)             Temple (0/1) D:4            Lair (4/6) D:9
  Swamp (0/4) Lair:2          Orc (0/2) D:9
  Snake: Lair:2-4    Spider: Lair:2-4

Altars:
Ashenzari
Elyvilon
Gozag
Hepliaklqana
Nemelex Xobeh
Okawaru
Ru
Sif Muna
Trog
Xom
Zin
The Shining One

Shops:
D:5 [   D:9 ([

Annotations:
Lair:4 Kirke


Innate Abilities, Weirdness & Mutations

((You have hooves in place of feet.))
((Armour fits poorly on your strangely shaped body.))
((You cover ground very quickly.))
((You have extremely tough skin. (AC +3)))


Message History

Found a falchion.
Pikel cracks his whip.
Found a wand of polymorph (10).
Pikel zaps a wand.
You resist with significant effort.
There is a gateway leading out of the Abyss here.
Pikel says, "Slavery isn't that bad."
Pikel zaps a wand.
You are blasted!
* * * LOW HITPOINT WARNING * * *
Pikel zaps a wand.
You are blasted!
* * * LOW HITPOINT WARNING * * *
You pass through the gate.
Welcome back to the Lair of Beasts!
You feel a wave of frost pass over you.
There is an entrance to an ice cave on this level.
Hurry and find it before the Level annotation: Kirke Kirke hits you!
* * * LOW HITPOINT WARNING * * *
The lindwurm breathes flames at you. The blast of flame hits you!
You die...

... #P..........##
...... ###..{.......#
...... #.........##
...... #####..........#
......###k##..P.......##
.......#.#.#............
...........#............
........................
..##..h...............
#.@................
#...................
...>..................
.......................
.......................
...##.................
... #.#P##.#.........


You could see Kirke and a lindwurm.

Vanquished Creatures
  A two-headed ogre (D:9)
  Erica (Lair:2)
  6 elephants
  Maurice (D:8)
  A black mamba (Lair:2)
  A spiny frog (Lair:3)
  3 komodo dragons
  A kobold demonologist (D:9)
  A troll (D:9)
  2 hornets (D:8)
  4 blink frogs (Lair:1)
  6 hippogriffs
  A wyvern (Lair:3)
  A basilisk (Lair:2)
  4 hogs
  8 yaks
  A hungry ghost (D:8)
  3 water moccasins
  A soldier ant (D:8)
  5 porcupines
  Purgy (Sewer)
  3 ice beasts
  5 orc warriors
  A slave (D:6)
  A phantom (D:5)
  3 sky beasts
  A black bear (Lair:2)
  3 ogres
  6 centaurs
  4 wolves (Lair:1)
  A necrophage (D:9)
  3 crocodiles
  11 big kobolds (D:9)
  Blork the orc (D:4)
  12 bullfrogs
  2 wyvern zombies
  4 scorpions
  A howler monkey (D:8)
  4 crimson imps
  A quasit (D:8)
  2 centaur zombies
  A jelly (D:4)
  A bullfrog skeleton (D:9)
  2 centaur skeletons
  A hound (D:4)
  A bullfrog zombie (D:6)
  Crazy Yiuf (D:6)
  Ijyb (D:4)
  2 iguanas
  5 worker ants
  7 orc wizards
  A killer bee zombie (D:8)
  2 worker ant zombies
  16 adders
  A shadow imp (D:6)
  An adder zombie (D:9)
  5 adder skeletons
  5 worms
  11 leopard geckos
  32 orcs
  3 ball pythons (D:4)
  13 bats
  8 giant cockroaches
  10 goblins
  9 hobgoblins
  7 jackals
  27 kobolds
  4 quokkas
  10 frilled lizards
  A jackal skeleton (D:4)
  15 rats
  A fungus (Lair:2)
  2 plants
328 creatures vanquished.

Vanquished Creatures (others)
  2 hydras
  A two-headed ogre (D:8)
  A hornet (D:6)
  2 sky beasts (D:6)
  A bullfrog zombie (D:6)
  A bullfrog skeleton (D:6)
  A fungus (Lair:3)
  4 plants
13 creatures vanquished.

Grand Total: 341 creatures vanquished

Notes
Turn   | Place    | Note
-------+----------+-------------------------------------------
     0 | Abyss:1  | Gargoyl the Centaur Abyssal Knight began the quest for the
                  | Orb.
     0 | Abyss:1  | Reached XP level 1. HP: 19/19 MP: 2/2
    17 | Abyss:2  | Found a deep blue altar of Sif Muna.
    18 | Abyss:2  | Found a roughly hewn altar of Beogh.
    80 | Abyss:2  | Noticed a small abomination
    90 | Abyss:2  | Noticed a small abomination
    97 | Abyss:2  | Noticed a worldbinder
   121 | Abyss:2  | Noticed a tentacled starspawn
   123 | D:1      | Escaped the Abyss
   235 | D:1      | Reached XP level 2. HP: 19/26 MP: 3/3
   235 | D:1      | Reached * piety under Lugonu
   577 | D:1      | Reached skill level 1 in Dodging
   629 | D:1      | Reached XP level 3. HP: 22/31 MP: 4/4
  1421 | D:2      | Found a shimmering altar of Xom.
  1491 | D:2      | Reached XP level 4. HP: 13/38 MP: 4/6
  2129 | D:2      | Reached ** piety under Lugonu
  3011 | D:3      | Reached XP level 5. HP: 45/45 MP: 7/7
  3045 | D:3      | Found an opulent altar of Gozag.
  3385 | D:3      | Found an iron altar of Okawaru.
  3801 | D:4      | Found a staircase to the Ecumenical Temple.
  3872 | D:4      | Reached *** piety under Lugonu
  3872 | D:4      | Reached XP level 6. HP: 40/52 MP: 8/8
  3884 | D:4      | Noticed Ijyb
  3909 | D:4      | Killed Ijyb
  3992 | D:4      | Found a glowing drain.
  3997 | Sewer    | Entered a sewer
  4026 | Sewer    | Noticed Purgy
  4029 | Sewer    | Killed Purgy
  4211 | D:4      | Noticed Blork the orc
  4225 | D:4      | Killed Blork the orc
  4750 | D:5      | Entered Level 5 of the Dungeon
  4798 | D:5      | Found Alint's Antique Armour Shop.
  4819 | D:5      | Reached XP level 7. HP: 54/58 MP: 9/9
  4972 | D:5      | Found a shimmering altar of Xom.
  5002 | D:5      | Found a sacrificial altar of Ru.
  5053 | D:5      | Reached skill level 1 in Shields
  5695 | D:6      | Found a deep blue altar of Sif Muna.
  5793 | D:6      | Reached XP level 8. HP: 58/67 MP: 11/11
  5869 | D:6      | Found a glowing silver altar of Zin.
  5869 | D:6      | Noticed an angel
  5917 | D:6      | Found a hazy altar of Hepliaklqana.
  6070 | D:6      | Reached skill level 5 in Axes
  6093 | D:6      | Noticed a hornet
  6099 | D:6      | Banished a hornet
  6106 | D:6      | Reached skill level 1 in Throwing
  6276 | D:6      | Noticed Pikel
  6298 | D:6      | Banished Pikel
  6298 | D:6      | Reached skill level 5 in Invocations
  6786 | D:6      | Found a runed door.
  7325 | D:6      | Noticed Crazy Yiuf
  7334 | D:6      | Killed Crazy Yiuf
  7345 | D:6      | Got a bloodstained mace
  7346 | D:6      | Identified the cursed +1 mace "Gram" {antimagic, +Inv rF-
                  | rC+ MR++} (You found it on level 6 of the Dungeon)
  7377 | D:7      | Found a bloodstained altar of Trog.
  7770 | D:7      | Reached XP level 9. HP: 49/73 MP: 13/13
  8393 | D:5      | Bought a jade-encrusted chain mail for 275 gold pieces
  8403 | D:5      | Identified the +10 chain mail of the Tormentor {Str+2
                  | Dex+2} (You bought it in a shop on level 5 of the Dungeon)
  8436 | D:7      | Reached **** piety under Lugonu
  8896 | D:8      | Reached skill level 5 in Fighting
  9031 | D:8      | Found a glowing golden altar of the Shining One.
  9084 | D:8      | Noticed Maurice
  9117 | D:8      | Killed Maurice
  9117 | D:8      | Reached skill level 5 in Armour
  9437 | D:8      | Noticed a two-headed ogre
  9452 | D:8      | Banished a two-headed ogre
  9452 | D:8      | Reached XP level 10. HP: 31/81 MP: 15/15
  9860 | D:8      | Found a white marble altar of Elyvilon.
 10735 | D:9      | Noticed a two-headed ogre
 10744 | D:9      | Killed a two-headed ogre
 10951 | D:9      | HP: 2/81 [orc warrior/war axe (9)]
 11633 | D:9      | Noticed a soul eater
 11655 | D:9      | Noticed a soul eater
 11895 | D:9      | Reached ***** piety under Lugonu
 12275 | D:9      | Found a staircase to the Orcish Mines.
 12275 | D:9      | Found Kiessah's Weapon Shoppe.
 12275 | D:9      | Found Poetrih's Armour Shoppe.
 12295 | D:9      | Bought a +0 broad axe for 64 gold pieces
 12311 | D:9      | Found a sparkling altar of Nemelex Xobeh.
 12570 | D:9      | Found a staircase to the Lair.
 12588 | D:9      | Reached XP level 11. HP: 32/89 MP: 17/17
 12985 | D:9      | Found a shattered altar of Ashenzari.
 13057 | Lair:1   | Entered Level 1 of the Lair of Beasts
 13492 | Lair:1   | Reached skill level 5 in Dodging
 14246 | Lair:2   | Noticed a six-headed hydra
 14247 | Lair:2   | Banished a six-headed hydra
 14653 | Lair:2   | Reached skill level 5 in Shields
 14903 | Lair:2   | Found a staircase to the Swamp.
 14940 | Lair:2   | Noticed Erica
 14954 | Lair:2   | Killed Erica
 15881 | Lair:3   | Reached XP level 12. HP: 40/97 MP: 18/18
 16520 | Lair:3   | Noticed a seven-headed hydra
 16521 | Lair:3   | Banished a seven-headed hydra
 16957 | Lair:4   | Noticed Kirke
 17200 | Lair:4   | Noticed a sphinx
 17221 | Lair:4   | Escaped the Abyss
 17221 | Lair:4   | HP: 3/97 [Kirke (14)]
 17221 | Lair:4   | Killed from afar by a lindwurm

Skill      XL: |  1  2  3  4  5  6  7  8  9 10 11 |
---------------+----------------------------------+-----
Axes           | 2 3 4 5 6 7 9 |  9.3
Dodging        | 1 2 3 4 5 |  5.8
Armour         | 2 3 4 5 6 7 |  7.3
Invocations    | 3 4 5 6 8 9 |  9.5
Fighting       | 4 5 6 |  6.5
Shields        | 1 2 3 4 5 |  5.8
Throwing       | 1 2 |  2.0
Evocations     | |  0.5

Action                   |  1- 3 |  4- 6 |  7- 9 | 10-12 || total
-------------------------+-------+-------+-------+-------++-------
Melee: Hand axe          |   122 |   189 |   421 |   275 ||  1007
       Kick              |    20 |    41 |   142 |   283 ||   486
       Broad axe         |       |       |       |   391 ||   391
       Unarmed           |       |       |       |     9 ||     9
Throw: Tomahawk          |     1 |       |    10 |       ||    11
       Javelin           |       |       |     9 |    12 ||    21
Invok: Depart the Abyss  |     1 |       |       |       ||     1
       Bend Space        |       |       |     2 |       ||     2
       Banish            |       |       |     3 |     3 ||     6
       Enter the Abyss   |       |       |       |     1 ||     1
Evoke: Wand              |       |     3 |     1 |     6 ||    10
  Use: Potion            |     3 |       |     2 |     6 ||    11
       Scroll            |     5 |     2 |     8 |    10 ||    25
  Eat: Chunk             |     1 |     5 |     7 |    18 ||    31
       Ration            |       |     1 |     3 |     2 ||     6
Armor: Scale mail        |   121 |   100 |   104 |       ||   325
       Chain mail        |       |       |   105 |   449 ||   554
Dodge: Dodged            |    64 |    60 |    47 |   146 ||   317
Block: Buckler           |    18 |    42 |       |       ||    60
       Large shield      |       |     9 |   266 |   625 ||   900
